 Dungeon Crawl Stone Soup version 0.32-a0-675-gdc239d62e1 (webtiles) character file.

Game seed: 10762486323916284805

90 GreatWithBirds the Shooter (level 4, 0/35 HPs)
             Began as a Formicid Hunter on Mar 11, 2024.
             Succumbed to a scorpion's poison
             ... on level 3 of the Dungeon.
             The game lasted 00:02:27 (1773 turns).

GreatWithBirds the Shooter (Formicid Hunter)        Turns: 1773, Time: 00:02:28

Health: 0/35       AC:  3    Str: 14 (16) XL:     4   Next: 85%
Magic:  4/4        EV: 12    Int:  7 (8)  God:
Gold:   113        SH:  0    Dex: 16 (19) Spells: 3/3 levels left

rFire   . . .        a - +0 shortbow
rCold   . . .        (no shield)
rNeg    . . .        c - +0 leather armour
rPois   .            (helmet unavailable)
rElec   .            (no cloak)
rCorr   .            (no gloves)
SInv    +            (no boots)
Will    .....        (no amulet)
Stlth   ++           (no ring)
HPRegen 0.25/turn    (no ring)
MPRegen 0.09/turn

%: no passive effects
@: lethally poisoned (0 -> -25)
A: permanent stasis, dig shafts and tunnels, antennae 3, four strong arms
a: Dig, Shaft Self


You were on level 3 of the Dungeon.
You visited 1 branch of the dungeon, and saw 3 of its levels.

You collected 113 gold pieces.

Inventory:

Hand Weapons
 a - a +0 shortbow (weapon)
Armour
 c - a +0 leather armour (worn)
 f - a +0 pair of boots
Scrolls
 d - 3 scrolls of identify {unknown}
 e - a scroll of immolation {unknown}
 h - 3 scrolls of amnesia {unknown}
 i - a scroll of fear {unknown}
 m - a scroll of enchant armour {unknown}
Potions
 b - a potion of haste {unknown}
 g - a potion of might {unknown}
 j - a potion of degeneration
 k - a potion of curing {unknown}
 l - a potion of attraction {unknown}


   Skills:
 + Level 3.1 Fighting
 * Level 5.0 Ranged Weapons
 - Level 1.7 Dodging
 - Level 1.2 Stealth
 + Level 2.4 Shields


You had 3 spell levels left.
You didn't know any spells.
Your spell library contained the following spells:

 Spells                   Type           Power      Damage    Failure   Level
 Apportation              Tloc           0%         N/A       52%         1
 Necrotise                Necr           0%         1d4       52%         1
 Sting                    Conj/Alch      0%         1d3       52%         1
 Summon Small Mammal      Summ           0%         N/A       52%         1
 Mercury Vapours          Alch/Air       0%         N/A       65%         2
 Olgreb's Toxic Radiance  Alch           0%         N/A       99%         4


Dungeon Overview and Level Annotations

Branches:
Dungeon (3/15)

Altars:

Shops:
D:1 [   D:2 [


Innate Abilities, Weirdness & Mutations

You cannot be hasted, slowed, berserked, paralysed or teleported.
You can dig through walls and to a lower floor.
You have a pair of large antennae on your head. (SInv)
Your four strong arms can wield two-handed weapons with a shield.


Message History

m - a scroll labelled DOVOS CUIPPU
Found 2 stones.
A scorpion is nearby!
A scorpion is nearby!
A scorpion is nearby!
You shoot an arrow. The arrow hits the scorpion.
The scorpion is lightly wounded.
You shoot an arrow. The arrow hits the scorpion.
The scorpion is lightly wounded.
You shoot an arrow.
The arrow hits the scorpion but does no damage.
The scorpion is lightly wounded.
You shoot an arrow. The arrow hits the scorpion.
The scorpion is moderately wounded.
You shoot an arrow. The arrow closely misses the scorpion.
The scorpion misses you.
You shoot an arrow. The arrow barely misses the scorpion.
The scorpion stings you.
You are poisoned.
The scorpion poisons you!
You shoot an arrow. The arrow closely misses the scorpion.
You feel sick. The scorpion stings you.
You are more poisoned.
The scorpion poisons you! The scorpion barely misses you.
You shoot an arrow. The arrow barely misses the scorpion.
You feel very sick. The scorpion stings you.
You are lethally poisoned!
The scorpion poisons you!
You shoot an arrow. The arrow hits the scorpion.
The scorpion is moderately wounded.
You feel extremely sick. The scorpion stings you!
* * * LOW HITPOINT WARNING * * *
You are more poisoned.
The scorpion poisons you!
It was a potion of degeneration.
There was something very wrong with that liquid.
You feel weakened.
You feel dopey.
You feel clumsy.
You die...

. ... #. #.. .## #.# ..# #.#
?.##.. #### .. .(#.# ###...
....###.#.# ###...#.
.......@#.#######...###.
...##..s.............<..
.....#......###.#.##...
...####...............#. ..... ..
#................. ..... .
#........##.#...... ..... ###
#.............#..## ..... ...
....................
.....####.#####............†...#.


You could see a scorpion.

Vanquished Creatures
  3 adders
  3 ribbon worms (D:2)
  2 dart slugs (D:2)
  4 orcs (D:3)
  5 bats
  3 endoplasms
  A giant cockroach (D:1)
  4 goblins
  11 hobgoblins
  A quokka (D:2)
  2 ball pythons
  3 frilled lizards
  2 kobolds
  2 rats
  A spectral hobgoblin (D:2)
47 creatures vanquished.

Notes
Turn   | Place    | Note
-------+----------+-------------------------------------------
     0 | D:1      | GreatWithBirds the Formicid Hunter began the quest for the
                  | Orb.
     0 | D:1      | Reached XP level 1. HP: 16/16 MP: 1/1
   200 | D:1      | Reached XP level 2. HP: 23/23 MP: 2/2
   234 | D:1      | Reached skill level 1 in Shields
   277 | D:1      | Found Umeczung's Armour Shoppe.
   500 | D:1      | Reached XP level 3. HP: 28/28 MP: 3/3
  1057 | D:2      | Found a faded altar of an unknown god.
  1219 | D:2      | Reached XP level 4. HP: 34/34 MP: 4/4
  1386 | D:2      | Found Gegguw's Antique Armour Emporium.
  1528 | D:3      | Noticed a scorpion
  1617 | D:3      | Reached skill level 5 in Ranged Weapons
  1773 | D:3      | Succumbed to a scorpion's poison

Illustrated notes

Levels and vault maps discovered:
D:1:      dpeg_arrival_fog, layout_basic, serial_shops,
          nicolae_shop_behind_doors, serial_park_tiny_1
D:2:      layout_rooms, dreamdust_ecumenical_altar_drowned_temple, serial_shops,
          nicolae_shop_dealshenge
D:3:      layout_rooms

Skill      XL: |  1  2  3  4 |
---------------+-------------+-----
Shields        | 1 2 |  2.4
Fighting       | 3 |  3.1
Ranged Weapons | 5 |  5.0
Dodging        | |  1.7
Stealth        | |  1.2

Action                     |  1- 3 |  4- 6 || total
---------------------------+-------+-------++-------
   Fire: Shortbow          |    92 |    85 ||   177
Ability: Dig               |       |     1 ||     1
    Use: Scroll            |       |     1 ||     1
         Potion            |       |     1 ||     1
 Armour: Leather armour    |    27 |    33 ||    60
  Dodge: Dodged            |    23 |    32 ||    55

Table legend: (Time is in decaauts)
 A = Elapsed time spent in this place.
 B = Non-inter-level travel time spent in this place.
 C = Inter-level travel time spent in this place.
 D = Time resting spent in this place.
 E = Time spent auto-exploring this place.
 F = Levels seen in this place.
 G = Mean time per level.
                   A        B        C        D        E       F      G
               +--------+--------+--------+--------+--------+-----+--------+
         Total |   1812 |   1713 |     99 |    292 |   1095 |   3 |  604.0 |
       Dungeon |   1812 |   1713 |     99 |    292 |   1095 |   3 |  604.0 |
               +--------+--------+--------+--------+--------+-----+--------+

Top non-repeatable levels by time:
     D:1: 903 daAuts
     D:2: 699 daAuts
     D:3: 210 daAuts
